 Dungeon Crawl Stone Soup version 0.25-a0-578-gc91f01c39c (webtiles) character file.

Game seed: 2852578873841103792, levelgen mode: deterministic

226090 Araneus the Peltast (level 18, 0/138 HPs)
             Began as a Demonspawn Assassin on Mar 3, 2020.
             Was the Champion of Dithmenos.
             Splashed by an acid blob's acid (6 damage)
             ... on level 2 of the Pits of Slime on Mar 5, 2020.
             The game lasted 03:38:49 (33114 turns).

Araneus the Peltast (Demonspawn Assassin)          Turns: 33114, Time: 03:38:50

Health: 0/138      AC: 12    Str: 14      XL:     18   Next: 20%
Magic:  0/21       EV: 20    Int:  9 (11) God:    Dithmenos [******]
Gold:   2984       SH: 25    Dex: 21      Spells: 12/17 levels left

rFire    . . .     SeeInvis +   s - +7 rapier of Dishonesty {flame, +Rage Dex+3 SInv}
rCold    . . .     Gourm    .   g - +0 kite shield
rNeg     . . .     Faith    .   u - +5 acid dragon scales
rPois    .         Spirit   +   E - +2 helmet
rElec    .         Reflect  +   c - +1 cloak
rCorr    +         Harm     .   (no gloves)
MR       ++...     Clarity  +   (boots unavailable)
Stlth    +++++++++.             Y - +3 amulet of reflection
HPRegen  0.33/turn              a - +5 ring of protection
MPRegen  0.34/turn              d - +6 ring of protection

@: corroded, wreathed by umbra
A: claws 1, talons 3, large bone plates 3, clarity, clumsy 1, deterioration 1,
dopey 1, low mp 2, magic resistance 1, spiny 3, magic shield, magic
regeneration, subdued magic 1
}: 2/15 runes: decaying, gossamer
a: Shadow Step, Shadow Form, Renounce Religion, Evoke Berserk Rage


You were on level 2 of the Pits of Slime.
You worshipped Dithmenos.
Dithmenos was exalted by your worship.
You were not hungry.

You visited 7 branches of the dungeon, and saw 30 of its levels.
You also visited: Sewer, Ossuary, Ice Cave and Volcano.

You collected 2984 gold pieces.

Inventory:

Hand Weapons
 q - the +8 long sword of Mutilation {vorpal, Int+4}
   (You found it on level 5 of the Dungeon)

   It inflicts extra damage upon your enemies.
   It affects your intelligence (+4).
 s - the +7 rapier of Dishonesty (weapon) {flame, +Rage Dex+3 SInv}
   (You found it on level 3 of the Lair of Beasts)

   It has been specially enchanted to burn those struck by it, causing extra
   injury to most foes and up to half again as much damage against particularly
   susceptible opponents.
   It affects your dexterity (+3).
   It lets you see invisible.
   It lets you go berserk.
 w - the +9 dagger "Pit Kie" {vamp, rPois rN+ Str+4}
   (You found it on level 9 of the Dungeon)

   It inflicts no extra harm, but heals its wielder when it wounds a living foe.
   It affects your strength (+4).
   It protects you from poison.
   It protects you from negative energy.
Missiles
 P - 39 poisoned darts (quivered)
Armour
 c - a +1 cloak (worn)
 g - a +0 kite shield (worn)
 u - +5 acid dragon scales (worn)
 E - a +2 helmet (worn)
 K - the +0 ice dragon scales of Uskayaw's Castigation {*Corrode +Inv rF- rC++ Dex+3}
   (You found it in an ice cave)

   It affects your dexterity (+3).
   It makes you vulnerable to fire.
   It greatly protects you from cold.
   It lets you turn invisible.
   It may corrode you when you take damage.
   If you switch to wearing this armour, your AC will decrease by 1 (12 -> 11).
Jewellery
 a - a +5 ring of protection (left claw)
 d - a +6 ring of protection (right claw)
 k - an uncursed amulet of the acrobat
 m - an uncursed ring of see invisible
 o - an uncursed ring of protection from fire
 y - an uncursed ring of teleportation
 A - the ring of Nebiut Oca {Fire Str+6}
   (You found it on level 8 of the Dungeon)

   [ring of fire]

   It enhances your fire magic.
   It affects your strength (+6).
   It protects you from fire.
   It makes you vulnerable to cold.
 G - the ring "Upuu" {rPois Slay+2}
   (You found it on level 11 of the Dungeon)

   [ring of slaying]

   It affects your accuracy and damage with ranged weapons and melee attacks
   (+2).
   It protects you from poison.
 N - an uncursed ring of positive energy
 V - an uncursed ring of protection from magic
 Y - a +3 amulet of reflection (around neck)
Wands
 b - a wand of paralysis (3)
 D - a wand of acid (33)
 Q - a wand of iceblast (18)
Scrolls
 e - 12 scrolls of identify
 h - 16 scrolls of remove curse
 i - 4 scrolls of enchant weapon
 j - 8 scrolls of teleportation
 r - 3 scrolls of magic mapping
 x - 3 scrolls of fog
 B - a scroll of summoning
 C - 3 scrolls of fear
 H - 6 scrolls of amnesia
 L - a scroll of brand weapon
 M - a scroll of enchant armour
 U - a scroll of blinking
Potions
 l - 5 potions of stabbing
 n - 3 potions of haste
 p - 7 potions of curing
 t - 5 potions of resistance
 z - a potion of might
 I - 4 potions of brilliance
 O - 2 potions of flight
 R - 2 potions of cancellation
 S - 2 potions of invisibility
 T - a potion of magic
 W - 5 potions of ambrosia
Comestibles
 f - 43 rations


   Skills:
 * Level 11.3 Fighting
 - Level 14.0 Short Blades
 + Level 3.2 Throwing
 + Level 5.4 Armour
 - Level 10.0 Dodging
 * Level 13.0 Stealth
 - Level 15.0 Shields
 * Level 7.3 Translocations
 - Level 12.0 Invocations
 + Level 8.0 Evocations


You had 12 spell levels left.
You knew the following spells:

 Your Spells              Type           Power        Failure   Level  Hunger
a - Mephitic Cloud        Conj/Pois/Air  #.......     83%         3    ####...
b - Blink                 Tloc           N/A          3%          2    ###....

Your spell library contained the following spells:

 Spells                   Type           Power        Failure   Level  Hunger
 Portal Projectile        Hex/Tloc       #.....       32%         3    ####...
 Corona                   Hex            #......      45%         1    ##.....
 Freeze                   Ice            #...         45%         1    ##.....
 Magic Dart               Conj           #...         45%         1    ##.....
 Shock                    Conj/Air       #...         45%         1    ##.....
 Call Imp                 Summ           #.......     58%         2    ###....
 Poisonous Vapours        Pois/Air       #.....       58%         2    ###....
 Slow                     Hex            #.......     58%         2    ###....
 Sublimation of Blood     Necr           #.........   58%         2    ###....
 Conjure Flame            Conj/Fire      #.......     83%         3    ####...
 Ignite Poison            Fire/Tmut/Pois #.......     83%         3    ####...
 Inner Flame              Hex/Fire       #.......     83%         3    ####...
 Cause Fear               Hex            #.........   99%         4    #####..
 Leda's Liquefaction      Hex/Erth       #.........   99%         4    #####..
 Petrify                  Tmut/Erth      #.......     99%         4    #####..
 Alistair's Intoxication  Tmut/Pois      #.......     100%        5    ######.
 Irradiate                Conj/Tmut      #.........   100%        5    ######.
 Eringya's Noxious Bog    Tmut/Pois      #.........   100%        6    #######
 Freezing Cloud           Conj/Ice/Air   #.........   100%        6    #######
 Ring of Flames           Chrm/Fire      #.........   100%        7    #######


Dungeon Overview and Level Annotations

Branches:
Dungeon (11/15)            Temple (1/1) D:7            Lair (6/6) D:11
  Swamp (4/4) Lair:4       Spider (4/4) Lair:2        Slime (3/5) Lair:6
    Orc (1/2) D:10          Sewer (visited)         Ossuary (visited)
  IceCv (visited)         Volcano (visited)

Altars:
Ashenzari
Cheibriados
Dithmenos
Elyvilon
Fedhas
Gozag
Hepliaklqana
Kikubaaqudgha
Makhleb
Nemelex Xobeh
Okawaru
Qazlal
Ru
Sif Muna
Trog
Uskayaw
Vehumet
Wu Jian
Xom
Yredelemnul
Zin
The Shining One
Jiyva

Shops:
D:6 :

Annotations:
D:9 2 runed translucent doors
D:11 2 transporters, Kyhooqon's ghost, journeyman GnWn


Innate Abilities, Weirdness & Mutations

You have claws for feet.
You are completely covered in large bone plates. (SH +8)
You are completely covered in sharp spines.
When hurt, damage is shared between your health and your magic reserves.
You regenerate magic rapidly.
You have sharp fingernails.
You possess an exceptional clarity of mind.
You are clumsy. (Dex -2)
Your body sometimes deteriorates upon taking damage.
You are dopey. (Int -2)
Your magical capacity is very low. (-20% MP)
You are resistant to hostile enchantments. (MR+)
Your spells are a little easier to cast, but a little less powerful.


Message History

The acid blob spits acid at you. The splash of acid hits you. You resist.
* * * LOW HITPOINT WARNING * * *
You are splashed with acid!
You resist.
* * * LOW HITPOINT WARNING * * *
You feel better. The acid blob spits acid at you.
The splash of acid hits you but does no damage.
You are splashed with acid!
You resist.
* * * LOW HITPOINT WARNING * * *
The acid blob misses you.
Okay, then.
Cast which spell? (? or * to list)
You don't know that spell.
Unknown command.
The acid blob spits acid at you. The splash of acid hits you! You resist.
* * * LOW HITPOINT WARNING * * *
You are splashed with acid.
You resist.
You die...

..........###.......##
..........##.........
.#.##....##...#.....#
#######.###.........#
# #### #........## #
##.#.........##.##
#.......J...#....#
#.................
##......@.........
#....#....>.......
.... #........#... #.#
#.........# . #
..#.....#.#..
..###...#####.# #.#
#.... ## ## ##..# ###


You could see an acid blob.

Vanquished Creatures
  A tentacled monstrosity (Swamp:1)
  Asterion (Spider:4)
  The ghost of Kagalorn the Crack Shot, an adept CeMo of Gozag (Swamp:3)
  6 acid blobs
  Kirke (Swamp:4)
  A thorn hunter (Swamp:4)
  Frances (Swamp:1)
  Gastronok (Lair:1)
  Agnes (Spider:2)
  5 azure jellies
  A frost giant (D:9)
  4 ghost moths
  5 emperor scorpions
  A stone giant (D:9)
  A very ugly thing (Swamp:3)
  4 entropy weavers
  Nessos (Lair:4)
  3 spark wasps (Spider:4)
  A death ooze (Slime:1)
  A fire dragon (Lair:6)
  An ice dragon (Lair:6)
  Harold (D:11)
  23 hydras
  2 ghost crabs
  3 two-headed ogres (D:9)
  12 death yaks
  A queen ant (Lair:3)
  12 alligators
  The ghost of DerDa the Destroyer, a novice DsFE of Sif Muna (D:8)
  A spriggan berserker (Swamp:3)
  Nergalle (D:11)
  A fire crab (Volcano)
  3 spriggan druids
  9 swamp dragons
  2 lindwurms
  11 ugly things
  12 orb spiders
  5 shining eyes
  5 moths of wrath
  A manticore (D:11)
  17 wolf spiders
  An orc sorcerer (D:10)
  6 elephants (Lair:5)
  3 black mambas
  12 spiny frogs
  An ice statue (IceCv)
  10 torpor snails
  2 eyes of devastation (Slime:2)
  16 komodo dragons
  14 demonic crawlers
  5 rime drakes
  A troll (D:9)
  20 jumping spiders
  A queen bee (D:11)
  14 tyrant leeches
  Grinder (D:3)
  29 hornets
  18 blink frogs
  4 bog bodies
  88 slime creatures
  11 hippogriffs
  5 dream sheep (Lair:4)
  55 redbacks
  2 shadows
  12 spriggans
  17 tarantellas
  37 yaks
  A wyvern (D:7)
  4 basilisks
  11 fire bats
  5 hogs (Swamp:4)
  Eustachio (D:6)
  A hungry ghost (D:8)
  2 steam dragons (Lair:6)
  12 vampire mosquitoes
  17 swamp worms
  15 insubstantial wisps
  13 soldier ants (Lair:3)
  3 acid dragons
  14 water moccasins
  2 hell hounds (Volcano)
  6 porcupines
  2 sky beasts
  12 swamp drakes
  9 orc warriors
  3 eyes of draining
  An eye of draining (shapeshifter) (D:9)
  11 ice beasts
  6 ogres
  3 black bears
  7 wolves
  3 centaurs
  2 phantoms
  17 crocodiles
  3 big kobolds
  A gnoll sergeant (D:11)
  17 bullfrogs
  A water moccasin zombie (D:8)
  9 scorpions
  18 killer bees
  2 howler monkeys
  5 wights (D:11)
  6 electric eels
  5 crimson imps
  2 centaur zombies
  2 quasits
  6 hounds
  A human zombie (Ossuary)
  2 jellies
  8 orc priests
  Crazy Yiuf (D:2)
  A bullfrog skeleton (D:5)
  Jessica (D:2)
  Natasha (twice) (D:2)
  12 iguanas
  12 orc wizards
  37 worker ants
  Terence (D:2)
  7 hell rats (Lair:5)
  A bullfrog simulacrum (D:8)
  A centaur simulacrum (D:8)
  A hound zombie (D:11)
  A hound skeleton (D:9)
  4 mummies
  A howler monkey zombie (D:9)
  9 gnolls
  A howler monkey skeleton (D:7)
  3 scorpion zombies (Ossuary)
  15 adders
  3 river rats (D:3)
  4 shadow imps
  12 white imps (Lair:2)
  A howler monkey simulacrum (D:8)
  5 oozes
  An adder zombie (D:10)
  8 worms
  An adder simulacrum (D:8)
  A dart slug (D:1)
  6 leopard geckos
  50 orcs
  7 giant cockroaches
  2 gnoll zombies (Ossuary)
  9 hobgoblins
  6 jackals
  7 kobolds
  A quokka (D:7)
  7 ball pythons
  4 bats
  5 frilled lizards
  A giant cockroach zombie (D:6)
  7 goblins
  A goblin zombie (Ossuary)
  A hobgoblin zombie (Ossuary)
  A kobold zombie (Ossuary)
  A leopard gecko zombie (D:5)
  An orc zombie (Ossuary)
  4 rats
  4 plants
1093 creatures vanquished.

Vanquished Creatures (others)
  2 alligators
  A jumping spider (Spider:2)
  5 dream sheep (D:5)
  An insubstantial wisp (Swamp:3)
  A scorpion (Ossuary)
  A hobgoblin zombie (Ossuary)
  2 fungi
  8 plants
21 creatures vanquished.

Grand Total: 1114 creatures vanquished

Notes
Turn   | Place    | Note
-------+----------+-------------------------------------------
     0 | D:1      | Araneus the Demonspawn Assassin began the quest for the
                  | Orb.
     0 | D:1      | Reached XP level 1. HP: 16/16 MP: 1/1
   143 | D:1      | Gained mutation: You are partially covered in large bone
                  | plates. (SH +4) [demonic ancestry]
   143 | D:1      | Reached XP level 2. HP: 9/22 MP: 2/2
  1142 | D:2      | Reached XP level 3. HP: 27/27 MP: 3/3
  1228 | D:2      | Noticed Natasha
  1231 | D:2      | Killed Natasha
  1245 | D:2      | Gained mutation: When hurt, damage is shared between your
                  | health and your magic reserves. [demonic ancestry]
  1245 | D:2      | Reached XP level 4. HP: 30/33 MP: 4/4
  1291 | D:2      | Found a runed translucent door.
  1292 | D:2      | Noticed Crazy Yiuf
  1353 | D:2      | Found a shattered altar of Ashenzari.
  1370 | D:2      | Noticed Jessica
  1374 | D:2      | Killed Jessica
  1374 | D:2      | Reached skill level 5 in Stealth
  1389 | D:2      | Noticed Terence
  1429 | D:2      | Killed Terence
  1429 | D:2      | Gained mutation: You regenerate magic rapidly. [demonic
                  | ancestry]
  1429 | D:2      | Reached XP level 5. HP: 31/38 MP: 3/5
  1618 | D:2      | Found an iron altar of Okawaru.
  1627 | D:2      | Noticed Natasha
  1661 | D:2      | Killed Natasha
  1949 | D:2      | Found a glowing golden altar of the Shining One.
  2128 | D:2      | Killed Crazy Yiuf
  2416 | D:3      | Gained mutation: You are dopey. (Int -2) [potion of
                  | mutation]
  2416 | D:3      | Gained mutation: You are resistant to hostile enchantments.
                  | (MR+) [potion of mutation]
  2416 | D:3      | Gained mutation: You possess an exceptional clarity of
                  | mind. [potion of mutation]
  2416 | D:3      | Gained mutation: You have sharp fingernails. [potion of
                  | mutation]
  2425 | D:3      | Gained mutation: You have sharp toenails. [demonic
                  | ancestry]
  2425 | D:3      | Reached XP level 6. HP: 38/44 MP: 4/6
  2463 | D:3      | Found a glowing drain.
  2470 | Sewer    | Entered a sewer
  2788 | Sewer    | Reached skill level 5 in Short Blades
  2997 | D:3      | Noticed Grinder
  3026 | D:3      | Paralysed by Grinder for 4 turns
  3055 | D:3      | Paralysed by Grinder for 7 turns
  3080 | D:3      | Killed Grinder
  3080 | D:3      | Gained mutation: You are partially covered in sharp spines.
                  | [demonic ancestry]
  3080 | D:3      | Reached XP level 7. HP: 25/50 MP: 0/7
  3736 | D:4      | Found a glowing silver altar of Zin.
  4010 | D:4      | Found a hazy altar of Hepliaklqana.
  4322 | D:5      | Entered Level 5 of the Dungeon
  4610 | D:5      | Gained mutation: You are mostly covered in large bone
                  | plates. (SH +6) [demonic ancestry]
  4610 | D:5      | Reached XP level 8. HP: 52/56 MP: 8/8
  4708 | D:5      | Got a dazzling long sword
  4715 | D:5      | Identified the +8 long sword of Mutilation {vorpal, Int+4}
                  | (You found it on level 5 of the Dungeon)
  4756 | D:5      | Noticed a hippogriff
  4767 | D:5      | Killed a hippogriff
  4824 | D:5      | Noticed a dream sheep
  4824 | D:5      | Noticed a dream sheep
  4824 | D:5      | Noticed a dream sheep
  4824 | D:5      | Noticed a dream sheep
  4824 | D:5      | Noticed a dream sheep
  4824 | D:5      | Found a shimmering altar of Xom.
  4829 | D:5      | Killed a dream sheep
  4829 | D:5      | Killed a dream sheep
  4829 | D:5      | Killed a dream sheep
  4829 | D:5      | Killed a dream sheep
  4831 | D:5      | Killed a dream sheep
  5366 | D:6      | Found a shimmering blue altar of Sif Muna.
  5383 | D:6      | Found a sand-covered staircase.
  5411 | Ossuary  | Entered an ossuary
  5773 | D:6      | Noticed Eustachio
  5820 | D:6      | Killed Eustachio
  5820 | D:6      | Gained mutation: You are mostly covered in sharp spines.
                  | [demonic ancestry]
  5820 | D:6      | Reached XP level 9. HP: 48/61 MP: 9/9
  6482 | D:6      | Found Rerghof's Book Shoppe.
  7044 | D:7      | Found an ancient bone altar of Kikubaaqudgha.
  7102 | D:7      | You fall into a shaft and drop 3 floors!
  7102 | D:10     | Entered Level 10 of the Dungeon
  7241 | D:10     | Reached skill level 10 in Short Blades
  7258 | D:9      | Noticed a troll
  7259 | D:9      | Noticed a white ugly thing
  7353 | D:9      | Killed a troll
  7446 | D:9      | Killed a white ugly thing
  7446 | D:9      | Reached skill level 1 in Dodging
  7450 | D:9      | Gained mutation: You are completely covered in sharp
                  | spines. [demonic ancestry]
  7450 | D:9      | Reached XP level 10. HP: 67/67 MP: 6/10
  7466 | D:9      | Noticed a +0 dagger
  7466 | D:9      | Noticed a +0 dagger
  7531 | D:8      | Reached skill level 1 in Armour
  7589 | D:8      | Found a shadowy altar of Dithmenos.
  7597 | D:8      | Became a worshipper of Dithmenos the Shadowed
  7621 | D:8      | Found a stormy altar of Qazlal.
  7640 | D:8      | Found a runed translucent gate.
  7640 | D:8      | Found a runed translucent gate.
  7644 | D:8      | Found a runed translucent gate.
  7924 | D:8      | Reached * piety under Dithmenos
  7984 | D:8      | Noticed DerDa's ghost (novice DsFE)
  7991 | D:8      | Killed DerDa's ghost
  8003 | D:8      | Got the ring of Nebiut Oca {Fire}
  8011 | D:8      | Learned a level 3 spell: Mephitic Cloud
  8032 | D:8      | Found an opulent altar of Gozag.
  8361 | D:7      | Found a staircase to the Ecumenical Temple.
  8390 | Temple   | Entered the Ecumenical Temple
  8765 | D:9      | Found a radiant altar of Vehumet.
  8765 | D:9      | Noticed a two-headed ogre
  8774 | D:9      | Killed a two-headed ogre
  8822 | D:9      | Found a hide-covered altar of Uskayaw.
  8871 | D:9      | Noticed a two-headed ogre
  8874 | D:9      | Killed a two-headed ogre
  8893 | D:9      | Found a sparkling altar of Nemelex Xobeh.
  8937 | D:9      | Noticed a six-headed hydra
  8939 | D:9      | Killed a six-headed hydra
  8939 | D:9      | Reached XP level 11. HP: 72/72 MP: 11/11
  8946 | D:9      | Noticed a two-headed ogre
  8956 | D:9      | Killed a two-headed ogre
  8956 | D:9      | Reached skill level 1 in Evocations
  8970 | D:9      | Reached skill level 10 in Stealth
  9022 | D:9      | Noticed a stone giant
  9039 | D:9      | Killed a stone giant
  9039 | D:9      | Reached skill level 5 in Dodging
  9091 | D:9      | Noticed a frost giant
  9110 | D:9      | Killed a frost giant
  9203 | D:9      | Got a steaming dagger
  9208 | D:9      | Identified the ring of Nebiut Oca {Fire Str+6} (You found
                  | it on level 8 of the Dungeon)
  9217 | D:9      | Identified the +9 dagger "Pit Kie" {vamp, rPois rN+ Str+4}
                  | (You found it on level 9 of the Dungeon)
  9353 | D:9      | Found the +2 shield of Resistance {rF+ rC+ MR+}
  9353 | D:9      | Found a runed translucent door.
  9353 | D:9      | Noticed an ice dragon
  9353 | D:9      | Noticed an ice dragon
  9356 | D:9      | Noticed a fire dragon
  9362 | D:9      | Noticed a fire dragon
  9365 | D:9      | Reached ** piety under Dithmenos
  9380 | D:9      | Found a runed translucent door.
  9713 | D:10     | Noticed an orc sorcerer
  9718 | D:10     | Killed an orc sorcerer
  9953 | D:10     | Found a staircase to the Orcish Mines.
 10466 | Orc:1    | Entered Level 1 of the Orcish Mines
 10706 | Orc:1    | Reached skill level 1 in Invocations
 10743 | Orc:1    | Reached *** piety under Dithmenos
 10948 | Orc:1    | Noticed an orc warlord
 10948 | Orc:1    | Noticed an orc knight
 11035 | D:11     | Found a transporter.
 11035 | D:11     | Found a transporter.
 11035 | D:11     | Noticed Kyhooqon's ghost (journeyman GnWn)
 11132 | D:11     | Noticed a red ugly thing
 11139 | D:11     | Killed a red ugly thing
 11180 | D:11     | Noticed a green ugly thing
 11187 | D:11     | Killed a green ugly thing
 11284 | D:11     | Reached XP level 12. HP: 78/78 MP: 15/15
 11384 | D:11     | Reached **** piety under Dithmenos
 11502 | D:11     | Got a slimy iron ring
 11503 | D:11     | Identified the ring "Upuu" {rPois Slay+2} (You found it on
                  | level 11 of the Dungeon)
 11620 | D:11     | Noticed Harold
 11624 | D:11     | Killed Harold
 11893 | D:11     | Noticed Nergalle
 11906 | D:11     | Killed Nergalle
 11916 | D:11     | Found a staircase to the Lair.
 12089 | Lair:1   | Entered Level 1 of the Lair of Beasts
 12090 | Lair:1   | Noticed Gastronok
 12129 | Lair:1   | Killed Gastronok
 12302 | Lair:1   | Reached skill level 5 in Evocations
 12304 | Lair:1   | Reached skill level 1 in Shields
 12933 | Lair:2   | Reached ***** piety under Dithmenos
 12934 | Lair:2   | Noticed an eight-headed hydra
 12950 | Lair:2   | Found a frozen archway.
 12989 | Lair:2   | Reached skill level 5 in Invocations
 13023 | IceCv    | Entered an ice cave
 13055 | IceCv    | Reached skill level 2 in Shields
 13068 | IceCv    | Got a pair of faintly humming boots
 13166 | IceCv    | Identified the Grimoire of Floating Cold
 13173 | IceCv    | Got bloodstained ice dragon scales
 13189 | IceCv    | Identified the cursed -4 pair of boots "Fifumaab" {rF+}
                  | (You found it in an ice cave)
 13199 | IceCv    | Identified the +0 ice dragon scales of Uskayaw's
                  | Castigation {*Corrode +Inv rF- rC++ Dex+3} (You found it in
                  | an ice cave)
 13471 | Lair:2   | Noticed an eight-headed hydra
 13604 | Lair:2   | Gained mutation: You have razor-sharp toenails. [demonic
                  | ancestry]
 13604 | Lair:2   | Reached XP level 13. HP: 83/83 MP: 17/17
 13785 | Lair:2   | Found a hole to the Spider Nest.
 13834 | Lair:2   | Reached skill level 3 in Shields
 14219 | Spider:1 | Entered Level 1 of the Spider Nest
 14389 | Spider:1 | Reached skill level 4 in Shields
 14575 | Spider:1 | Noticed an entropy weaver
 14617 | Spider:1 | Killed an entropy weaver
 14617 | Spider:1 | Reached skill level 5 in Armour
 15083 | Lair:3   | Found a dark tunnel.
 15096 | Volcano  | Entered a volcano
 15167 | Volcano  | Reached skill level 5 in Shields
 15372 | Lair:3   | Reached ****** piety under Dithmenos
 15415 | Lair:3   | Got an encrusted rapier
 15462 | Lair:3   | Identified the +7 rapier of Dishonesty {flame, +Rage Dex+3
                  | SInv} (You found it on level 3 of the Lair of Beasts)
 15642 | Lair:3   | Gained mutation: You have claws for feet. [demonic
                  | ancestry]
 15642 | Lair:3   | Reached XP level 14. HP: 89/90 MP: 19/19
 15746 | Lair:3   | Reached skill level 6 in Shields
 15766 | Lair:3   | Reached skill level 10 in Dodging
 16950 | Lair:4   | Found a staircase to the Swamp.
 17116 | Lair:4   | Noticed Nessos
 17161 | Lair:4   | Killed Nessos
 17341 | Lair:4   | Reached skill level 7 in Shields
 18088 | Lair:5   | Learned a level 2 spell: Blink
 18660 | Lair:5   | Reached skill level 8 in Shields
 18660 | Lair:5   | Reached skill level 1 in Translocations
 18833 | Lair:6   | Entered Level 6 of the Lair of Beasts
 19020 | Lair:6   | Found a staircase to the Slime Pits.
 19384 | Lair:6   | Identified a scroll of acquirement
 19478 | Lair:6   | Found a runed translucent door.
 19529 | Lair:6   | Reached XP level 15. HP: 80/101 MP: 17/21
 19776 | Lair:6   | Reached skill level 9 in Shields
 19834 | Lair:6   | Found a viscous altar of Jiyva.
 19994 | Lair:6   | Reached skill level 5 in Fighting
 21317 | Spider:2 | Noticed Agnes
 21343 | Spider:2 | Killed Agnes
 21343 | Spider:2 | Reached skill level 10 in Shields
 21343 | Spider:2 | Reached skill level 10 in Invocations
 22355 | Spider:3 | Killed a ghost moth
 22583 | Spider:3 | Reached skill level 11 in Shields
 22698 | Spider:4 | Entered Level 4 of the Spider Nest
 23165 | Spider:4 | Gained mutation: You are completely covered in large bone
                  | plates. (SH +8) [demonic ancestry]
 23165 | Spider:4 | Reached XP level 16. HP: 113/113 MP: 24/24
 23313 | Spider:4 | Noticed Asterion
 23341 | Spider:4 | Noticed an Executioner
 23345 | Spider:4 | Killed Asterion
 23612 | Spider:4 | Reached skill level 5 in Translocations
 23648 | Spider:4 | Reached skill level 12 in Shields
 24471 | Spider:4 | Got a gossamer rune of Zot
 24759 | Swamp:1  | Entered Level 1 of the Swamp
 24856 | Swamp:1  | Noticed a tentacled monstrosity
 24892 | Swamp:1  | Killed a tentacled monstrosity
 25152 | Swamp:1  | Noticed Frances
 25180 | Swamp:1  | Killed Frances
 25361 | Swamp:1  | Reached skill level 13 in Shields
 26172 | Swamp:2  | Found a shimmering blue altar of Sif Muna.
 26275 | Swamp:3  | Paralysed by a hornet for 1 turns
 27148 | Swamp:3  | Reached XP level 17. HP: 109/124 MP: 19/25
 27361 | Swamp:4  | Entered Level 4 of the Swamp
 27484 | Swamp:4  | Reached skill level 14 in Shields
 27694 | Swamp:3  | Found a transporter.
 27704 | Swamp:3  | Found a bloodstained altar of Trog.
 27706 | Swamp:3  | Identified the +6 lajatang of the Butterfly {antimagic,
                  | MR++}
 27720 | Swamp:3  | Found a transporter.
 27720 | Swamp:3  | Identified the +8 morningstar of Massacring {freeze, +Inv
                  | rElec rF+ Int+3}
 27721 | Swamp:3  | Noticed Kagalorn's ghost (adept CeMo)
 28273 | Swamp:3  | HP: 6/125 [spriggan defender/the +6 lajatang of the
                  | Butterfly {antimagic, MR++} (7)]
 28920 | Swamp:4  | Noticed Kirke
 29481 | Swamp:4  | Got a decaying rune of Zot
 29658 | Swamp:4  | Killed Kirke
 30263 | Swamp:3  | Killed Kagalorn's ghost
 30263 | Swamp:3  | Reached skill level 15 in Shields
 30534 | Slime:1  | Entered Level 1 of the Pits of Slime
 30873 | Slime:1  | Noticed an acid blob
 30876 | Slime:1  | Noticed an acid blob
 30902 | Slime:1  | Gained mutation: You are clumsy. (Dex -2) [a shining eye]
 30906 | Slime:1  | Killed an acid blob
 30908 | Slime:1  | Gained mutation: Your spells are a little easier to cast,
                  | but a little less powerful. [a shining eye]
 30916 | Slime:1  | Gained mutation: Scrolls take you a little longer to read.
                  | [a shining eye]
 30920 | Slime:1  | Gained mutation: Your magical capacity is low. (-10% MP) [a
                  | shining eye]
 30935 | Slime:1  | Killed an acid blob
 30935 | Slime:1  | Reached skill level 10 in Fighting
 31731 | Slime:2  | Noticed an acid blob
 31753 | Slime:2  | Killed an acid blob
 31945 | Slime:2  | Noticed an acid blob
 31946 | Slime:2  | Noticed an acid blob
 31954 | Slime:2  | Killed an acid blob
 31962 | Slime:2  | Killed an acid blob
 31962 | Slime:2  | Reached XP level 18. HP: 82/136 MP: 18/24
 31983 | Slime:2  | Gained mutation: Your body sometimes deteriorates upon
                  | taking damage. [a shining eye]
 31987 | Slime:2  | Lost mutation: Scrolls take you a little longer to read. [a
                  | shining eye]
 31989 | Slime:2  | Gained mutation: Your magical capacity is very low. (-20%
                  | MP) [a shining eye]
 33114 | Slime:2  | HP: 6/138 [acid blob/splash of acid (7)]
 33114 | Slime:2  | Splashed by an acid blob's acid

Levels and vault maps discovered:
D:1:      lightli_arrival_flooded_house, layout_basic
D:2:      layout_basic, okawaru_metal_pillars_3, evilmike_ruin_ashenzari,
          lemuel_round_altar, uniq_natasha, uniq_terence, uniq_jessica,
          uniq_crazy_yiuf_cottage
D:3:      layout_basic, portal_sewer_entry_e, uniq_grinder
D:4:      layout_loops_corners, kennysheep_little_box,
          nicolae_overflow_hidden_temple, first_ration
D:5:      corexii_shack_village, layout_layer_cave, kb_xom_exploding_sheep
D:6:      layout_layer_cave, gup_ossuary_entry_pyramid, serial_shops,
          nicolae_shop_behind_doors, led_sif_pool, uniq_eustachio
D:7:      layout_rooms, overflow_temple_1_default,
          minmay_temple_entry_glassed_door
D:8:      layout_basic, lemuel_doored_altar, old_standard_altar,
          lemuel_crystal_altar, gammafunk_ghost_icy
D:9:      minmay_sliced_demisemicircle, layout_loops_cross,
          dancing_weapons_uskayaw, kennysheep_mini,
          lemuel_coloured_pillars_altar, minmay_guarded_unrand_resistance
D:10:     cheibrodos_wizards_tower, layout_loops_corners, orc_0_dummy
D:11:     layout_loops_ring, david_lair_shrubbed, gammafunk_ghost_mausoleum,
          david_nohive_1, uniq_harold, uniq_nergalle
Temple:   jpeg_temple_island
Lair:1:   layout_roguey, minmay_stone_trees_small,
          nicolae_quartered_pool_medium, st_stairs_12, uniq_gastronok
Lair:2:   layout_cave_pods, dummy_spider_entry, portal_ice_cave_entry_imps,
          st_stairs_11
Lair:3:   beast_lair_carwin_large_4, layout_cave_pods,
          nicolae_volcano_entry_batcave, chequers_serial_rivers_small_3,
          zaba_anthell, lemuel_fruit_fields
Lair:4:   layout_cave_pods, minmay_swamp_entry_eels,
          chequers_serial_rivers_small_3, uniq_nessos
Lair:5:   layout_regular_city, serial_bayou_shore_a, grunt_megastairs_1,
          lemuel_fruit_tree
Lair:6:   guppyfry_lair_end_dragon, layout_regular_city, wormcave,
          slime_altar_1, grunt_megastairs_3
Swamp:1:  layout_basic_swamp, hangedman_swamp_lotus, swamp_pool5, uniq_frances
Swamp:2:  layout_basic_swamp, nicolae_swamp_godswood, statue_in_the_mist_lemuel
Swamp:3:  layout_falls_marsh, gammafunk_ghost_wrathful_warriors,
          evilmike_swamp_ruin_rubble_2
Swamp:4:  swamp, layout_basic_swamp, uniq_kirke
Spider:1: layout_spider_delve
Spider:2: layout_spider_delve, uniq_agnes
Spider:3: layout_spider_delve
Spider:4: guppyfry_spider_rune, nicolae_spider_cling_ruins, uniq_asterion
Slime:1:  layout_caves
Slime:2:  layout_caves
Slime:3:  layout_caves, cheibrodos_slime_lost_civilization_5
Orc:1:    cheibrodos_orc_arena, layout_caves

Skill      XL: |  1  2  3  4  5  6  7  8  9 10 11 12 13 14 15 16 17 18 |
---------------+-------------------------------------------------------+-----
Short Blades   | 2 3 4 5 6 8 11 12 13 14 | 14.0
Stealth        | 4 5 6 8 9 10 11 12 13 | 13.0
Dodging        | 1 4 6 8 9 10 | 10.0
Armour         | 2 3 4 5 |  5.4
Evocations     | 4 5 6 8 |  8.0
Invocations    | 1 5 7 9 10 11 12 | 12.0
Shields        | 2 5 8 11 13 15 | 15.0
Fighting       | 4 6 8 10 11 | 11.3
Translocations | 2 4 5 7 |  7.3
Throwing       | 3 |  3.2

Action                   |  1- 3 |  4- 6 |  7- 9 | 10-12 | 13-15 | 16-18 || total
-------------------------+-------+-------+-------+-------+-------+-------++-------
Melee: Dagger            |    60 |   204 |       |   111 |   502 |   852 ||  1729
       Kick              |       |    42 |    69 |   203 |   677 |   905 ||  1896
       Rapier            |       |       |   160 |    27 |   822 |  1046 ||  2055
       Long sword        |       |       |   118 |   449 |   159 |    14 ||   740
       Unarmed           |       |       |       |       |       |    14 ||    14
Throw: Dart              |    30 |    45 |    11 |     6 |     2 |   104 ||   198
       Boomerang         |       |       |     5 |       |       |       ||     5
Invok: Shadow Step       |       |       |       |       |       |     2 ||     2
Evoke: Wand              |       |       |       |     2 |    15 |    13 ||    30
  Use: Scroll            |       |     6 |    12 |    17 |    15 |     5 ||    55
       Potion            |       |     4 |     5 |     9 |     3 |     8 ||    29
 Stab: Sleeping          |     4 |     7 |    27 |    45 |    60 |    25 ||   168
       Invisible         |       |     3 |       |       |       |       ||     3
       Distracted        |       |       |     2 |     4 |     5 |     6 ||    17
       Paralysed         |       |       |       |       |     3 |       ||     3
       Confused          |       |       |       |       |       |     1 ||     1
  Eat: Chunk             |     1 |     6 |    14 |    20 |    33 |    15 ||    89
       Ration            |       |       |       |       |       |     6 ||     6
Armor: Robe              |    13 |    36 |    62 |       |       |       ||   111
       Leather armour    |       |       |    27 |       |       |       ||    27
       Acid dragon scale |       |       |       |   145 |   235 |   329 ||   709
       Ice dragon scales |       |       |       |    13 |     2 |       ||    15
Dodge: Dodged            |    14 |    78 |   141 |   252 |   627 |   660 ||  1772
Block: Other             |    10 |    20 |    67 |    76 |       |     2 ||   175
       Kite shield       |       |       |       |   176 |   975 |  1628 ||  2779
       Reflection        |       |       |       |       |       |    21 ||    21
       Rpst.: Long sword |       |       |    17 |    48 |    22 |     2 ||    89

Table legend:
 A = Non-vault XP
 B = Vault XP
 C = Vault XP percentage of total XP
 D = Non-vault monster count
 E = Vault monster count
 F = Vault count percentage of total count
                 A         B        C        D         E       F
            +---------+---------+-------+---------+---------+-------
      Total |  202928 |  104797 |  34.1 |     753 |     341 |  31.2
            +---------+---------+-------+---------+---------+-------
        D:1 |      39 |       0 |   0.0 |      17 |       0 |   0.0
        D:2 |     150 |     144 |  49.0 |      16 |       4 |  20.0
        D:3 |      20 |     335 |  94.4 |       9 |       9 |  50.0
        D:4 |     388 |       0 |   0.0 |      15 |       0 |   0.0
        D:5 |     442 |      19 |   4.1 |       6 |       9 |  60.0
        D:6 |     795 |     214 |  21.2 |      20 |       2 |   9.1
        D:7 |     603 |       0 |   0.0 |      19 |       0 |   0.0
        D:8 |    1543 |    1295 |  45.6 |      28 |       8 |  22.2
        D:9 |    4285 |    5944 |  58.1 |      31 |       9 |  22.5
       D:10 |    1533 |     520 |  25.3 |      27 |       1 |   3.6
       D:11 |    4110 |    3374 |  45.1 |      45 |      19 |  29.7
     Lair:1 |    4433 |    2205 |  33.2 |      24 |       2 |   7.7
     Lair:2 |    5542 |    2407 |  30.3 |      21 |      16 |  43.2
     Lair:3 |   10635 |    7177 |  40.3 |      39 |      59 |  60.2
     Lair:4 |    4879 |    1538 |  24.0 |      19 |       6 |  24.0
     Lair:5 |   12664 |    2461 |  16.3 |      39 |      11 |  22.0
     Lair:6 |    3765 |   13981 |  78.8 |       8 |      36 |  81.8
    Swamp:1 |   12084 |    2552 |  17.4 |      31 |       4 |  11.4
    Swamp:2 |   11145 |       0 |   0.0 |      30 |       0 |   0.0
    Swamp:3 |   18928 |    5427 |  22.3 |      54 |      10 |  15.6
    Swamp:4 |   10794 |   22005 |  67.1 |      33 |      33 |  50.0
   Spider:1 |   10987 |       0 |   0.0 |      33 |       0 |   0.0
   Spider:2 |   12347 |    2073 |  14.4 |      33 |       1 |   2.9
   Spider:3 |   15368 |       0 |   0.0 |      37 |       0 |   0.0
   Spider:4 |   11430 |   24827 |  68.5 |      26 |      42 |  61.8
    Slime:1 |   15312 |       0 |   0.0 |      38 |       0 |   0.0
    Slime:2 |   16184 |       0 |   0.0 |      20 |       0 |   0.0
    Slime:3 |   11746 |       0 |   0.0 |      17 |       0 |   0.0
      Orc:1 |     777 |     146 |  15.8 |      18 |       4 |  18.2
      Sewer |       0 |     267 | 100.0 |       0 |      16 | 100.0
    Ossuary |       0 |     448 | 100.0 |       0 |      19 | 100.0
      IceCv |       0 |    2266 | 100.0 |       0 |       9 | 100.0
    Volcano |       0 |    3172 | 100.0 |       0 |      12 | 100.0
            +---------+---------+-------+---------+---------+-------
